team 1 (loser)
perfectdams (
orange | 38 APM | 488 actions | 13:00)
3 Blademaster
2 Wind Walk
1 Critical Strike
» actions
| Assign group hotkey | 12 | |
| Basic commands | 29 | |
| Build / train | 33 | |
| Enter build submenu | 13 | |
| Enter hero's abilities submenu | 3 | |
| Right click | 153 | |
| Select / deselect | 103 | |
| Select group hotkey | 112 | |
| Use ability | 30 | |
488 total
» units
| Peon | 8 | |
| Grunt | 6 | |
| Wind Rider | 5 | |
| Kodo Beast | 1 | |
20 total
» upgrades
| Berserker Strength | 1 | |
| Pillage | 1 | |
| War Drums Damage Increase | 1 | |
3 total
» buildings
| Altar of Storms | 1 | |
| Orc Burrow | 5 | |
| Barracks | 2 | |
| Stronghold | 1 | |
| Voodoo Lounge | 1 | |
| Beastiary | 2 | |
| Fortress | 1 | |
| War Mill | 1 | |
| Great Hall | 1 | |
15 total
» build order
00:12 Altar of Storms
00:21 Orc Burrow
00:54 Barracks
01:39 Barracks
01:49 Orc Burrow
04:01 Orc Burrow
04:02 Stronghold
04:54 Orc Burrow
04:58 Voodoo Lounge
06:31 Beastiary
06:36 Beastiary
08:42 Fortress
08:47 War Mill
09:27 Orc Burrow
12:07 Great Hall
» items
Sylvestre (
purple | 53 APM | 690 actions | 12:56)
3 Blademaster
2 Wind Walk
1 Critical Strike
1 Shadow Hunter
1 Healing Wave
» actions
| Assign group hotkey | 9 | |
| Basic commands | 17 | |
| Build / train | 30 | |
| ESC pressed | 1 | |
| Enter build submenu | 15 | |
| Enter hero's abilities submenu | 4 | |
| Right click | 263 | |
| Select / deselect | 123 | |
| Select group hotkey | 204 | |
| Use ability | 24 | |
690 total
» units
» upgrades
| Pillage | 1 | |
| Melee Weapons | 1 | |
| Berserker Strength | 1 | |
3 total
» buildings
| Altar of Storms | 1 | |
| Orc Burrow | 7 | |
| Barracks | 2 | |
| Voodoo Lounge | 1 | |
| War Mill | 1 | |
| Stronghold | 1 | |
| Fortress | 1 | |
| Spirit Lodge | 1 | |
15 total
» build order
00:14 Altar of Storms
00:19 Orc Burrow
01:06 Barracks
01:52 Orc Burrow
02:15 Barracks
02:34 Orc Burrow
03:45 Voodoo Lounge
04:52 War Mill
06:27 Stronghold
07:32 Orc Burrow
08:47 Orc Burrow
08:54 Fortress
09:39 Orc Burrow
10:27 Orc Burrow
10:33 Spirit Lodge
» items
| Healing Salve | 1 | |
| Scroll of Speed | 1 | |
| Lesser Clarity Potion | 1 | |
3 total
xwawa (
green | 57 APM | 730 actions | 12:52)
2 Blademaster
1 Wind Walk
1 Critical Strike
» actions
| Assign group hotkey | 5 | |
| Basic commands | 27 | |
| Build / train | 32 | |
| ESC pressed | 3 | |
| Enter build submenu | 14 | |
| Enter hero's abilities submenu | 2 | |
| Remove unit from queue | 6 | |
| Right click | 375 | |
| Select / deselect | 157 | |
| Select group hotkey | 68 | |
| Use ability | 41 | |
730 total
» units
» upgrades
| Pillage | 1 | |
| Melee Weapons | 1 | |
| Armor | 1 | |
| Ranged Weapons | 1 | |
| Berserker Strength | 1 | |
5 total
» buildings
| Altar of Storms | 1 | |
| Orc Burrow | 4 | |
| Barracks | 2 | |
| War Mill | 1 | |
| Voodoo Lounge | 1 | |
| Watch Tower | 2 | |
| Stronghold | 1 | |
12 total
» build order
00:08 Altar of Storms
00:13 Orc Burrow
00:21 Barracks
01:54 Orc Burrow
02:52 War Mill
03:52 Voodoo Lounge
05:26 Watch Tower
05:46 Orc Burrow
07:26 Stronghold
07:31 Orc Burrow
09:52 Watch Tower
10:01 Barracks
» items
| Healing Salve | 2 | |
| Scroll of Speed | 1 | |
| Boots of Speed | 1 | |
4 total
team 2 (winner)
HIGHPERCHFUTBOL (
red | 97 APM | 1257 actions | 13:00)
3 Blademaster
2 Wind Walk
1 Critical Strike
» actions
| Assign group hotkey | 9 | |
| Basic commands | 11 | |
| Build / train | 34 | |
| Enter build submenu | 36 | |
| Enter hero's abilities submenu | 3 | |
| Give item / drop item | 4 | |
| Right click | 826 | |
| Select / deselect | 98 | |
| Select group hotkey | 177 | |
| Use ability | 59 | |
1257 total
» units
» upgrades
| Spiked Barricades | 1 | |
| Liquid Fire | 1 | |
2 total
» buildings
| Altar of Storms | 1 | |
| Orc Burrow | 4 | |
| War Mill | 1 | |
| Watch Tower | 21 | |
| Stronghold | 1 | |
| Voodoo Lounge | 3 | |
| Fortress | 1 | |
| Beastiary | 3 | |
35 total
» build order
00:06 Altar of Storms
00:21 Orc Burrow
00:31 War Mill
01:43 Watch Tower
02:01 Watch Tower
02:30 Orc Burrow
02:42 Watch Tower
03:06 Watch Tower
03:41 Stronghold
03:58 Watch Tower
04:14 Voodoo Lounge
04:59 Watch Tower
05:01 Watch Tower
05:22 Watch Tower
05:23 Watch Tower
06:05 Fortress
06:07 Beastiary
06:59 Beastiary
07:19 Beastiary
07:24 Orc Burrow
07:25 Orc Burrow
08:49 Watch Tower
08:50 Watch Tower
08:54 Watch Tower
08:55 Watch Tower
09:10 Voodoo Lounge
09:15 Voodoo Lounge
10:01 Watch Tower
10:02 Watch Tower
10:06 Watch Tower
10:10 Watch Tower
10:18 Watch Tower
11:10 Watch Tower
11:11 Watch Tower
12:48 Watch Tower
» items
| Staff of Teleportation | 1 | |
| Boots of Speed | 1 | |
| Circlet of Nobility | 2 | |
| Healing Salve | 2 | |
| Orb of Lightning | 1 | |
| Lesser Clarity Potion | 2 | |
9 total
iggyofman (
teal | 125 APM | 1628 actions | 13:00)
4 Mountain King
2 Storm Bolt
2 Bash
2 Paladin
1 Holy Light
1 Divine Shield
» actions
| Assign group hotkey | 294 | |
| Basic commands | 15 | |
| Build / train | 64 | |
| Enter build submenu | 59 | |
| Enter hero's abilities submenu | 6 | |
| Give item / drop item | 3 | |
| Remove unit from queue | 5 | |
| Right click | 711 | |
| Select / deselect | 174 | |
| Select group hotkey | 200 | |
| Use ability | 97 | |
1628 total
» units
» upgrades
| Masonry | 2 | |
| Lumber Harvesting | 1 | |
3 total
» buildings
| Altar of Kings | 1 | |
| Farm | 3 | |
| Scout Tower | 43 | |
| Lumber Mill | 1 | |
| Arcane Tower | 6 | |
| Guard Tower | 18 | |
| Arcane Vault | 2 | |
| Keep | 1 | |
| Town Hall | 1 | |
| Castle | 1 | |
| Arcane Sanctum | 2 | |
79 total
» build order
00:35 Altar of Kings
00:50 Farm
01:16 Scout Tower
01:28 Scout Tower
01:29 Farm
01:37 Scout Tower
01:47 Lumber Mill
01:56 Arcane Tower
01:59 Arcane Tower
02:00 Scout Tower
02:10 Scout Tower
02:12 Arcane Tower
02:18 Scout Tower
02:48 Arcane Tower
03:09 Arcane Tower
03:42 Scout Tower
03:44 Scout Tower
03:46 Scout Tower
03:53 Scout Tower
04:07 Farm
04:11 Arcane Tower
04:15 Scout Tower
04:15 Guard Tower
04:23 Guard Tower
04:27 Scout Tower
04:29 Scout Tower
04:39 Arcane Vault
04:40 Guard Tower
04:41 Guard Tower
04:44 Scout Tower
04:44 Scout Tower
05:00 Guard Tower
05:03 Guard Tower
05:06 Scout Tower
05:06 Scout Tower
05:19 Arcane Vault
05:38 Guard Tower
05:40 Scout Tower
05:41 Scout Tower
05:46 Guard Tower
06:13 Guard Tower
06:18 Scout Tower
06:24 Scout Tower
06:25 Scout Tower
06:25 Scout Tower
06:49 Keep
06:53 Guard Tower
06:58 Scout Tower
07:04 Scout Tower
07:25 Town Hall
07:40 Guard Tower
07:42 Scout Tower
07:43 Scout Tower
07:58 Guard Tower
07:59 Scout Tower
08:00 Scout Tower
08:42 Guard Tower
08:49 Scout Tower
08:50 Scout Tower
08:55 Guard Tower
09:36 Scout Tower
09:37 Scout Tower
09:44 Guard Tower
10:11 Scout Tower
10:12 Scout Tower
10:15 Scout Tower
10:16 Scout Tower
10:18 Scout Tower
10:20 Scout Tower
10:21 Scout Tower
11:15 Guard Tower
11:27 Castle
11:29 Arcane Sanctum
11:36 Guard Tower
11:52 Scout Tower
11:53 Scout Tower
12:03 Arcane Sanctum
12:58 Guard Tower
12:59 Scout Tower
» items
| Boots of Speed | 2 | |
| Staff of Teleportation | 2 | |
| Orb of Lightning | 1 | |
5 total
PizzaFan1739 (
blue | 104 APM | 1356 actions | 13:01)
3 Demon Hunter
2 Mana Burn
1 Evasion
» actions
| Assign group hotkey | 6 | |
| Basic commands | 1 | |
| Build / train | 31 | |
| Enter build submenu | 14 | |
| Enter hero's abilities submenu | 3 | |
| Right click | 921 | |
| Select / deselect | 113 | |
| Select group hotkey | 227 | |
| Use ability | 40 | |
1356 total
» units
» upgrades
| Nature's Blessing | 1 | |
| Strength of the Wild | 1 | |
| Ultravision | 1 | |
3 total
» buildings
| Altar of Elders | 1 | |
| Moon Well | 4 | |
| Ancient of Wonders | 1 | |
| Hunter's Hall | 1 | |
| Tree of Ages | 1 | |
| Tree of Life | 1 | |
| Tree of Eternity | 1 | |
| Ancient of Wind | 1 | |
11 total
» build order
00:23 Altar of Elders
00:32 Moon Well
01:50 Moon Well
02:30 Ancient of Wonders
02:34 Moon Well
02:37 Moon Well
04:43 Hunter's Hall
05:08 Tree of Ages
07:51 Tree of Life
10:57 Tree of Eternity
11:02 Ancient of Wind
» items
| Boots of Speed | 1 | |
| Staff of Teleportation | 1 | |
2 total